General information
			
			
        
        - name: BNet
 
        - type: Ladder team game (AT/RT)
 
        - host: Battle.net
 
        - saver: bLinn
 
        
map: Friends 
        - players: 8
 
        - length: 26:12
 
        - speed: Fast
 - version: 1.22 W3XP
 - replay type:  

 
» download(267 KB)
Players
        team 1 (winner) 
              
              
bLinn (
green | 116 APM | 3027 actions | 26:12)
              
 5 Far Seer 
 3 Feral Spirit
 2 Chain Lighting
 4 Tauren Chieftain 
 2 War Stomp
 2 Endurance Aura
 
                » actions 
                
                | Assign group hotkey | 104 |  | 
| Basic commands | 7 |  | 
| Build / train | 92 |  | 
| Enter build submenu | 20 |  | 
| Enter hero's abilities submenu | 12 |  | 
| Remove unit from queue | 1 |  | 
| Right click | 1696 |  | 
| Select / deselect | 467 |  | 
| Select group hotkey | 395 |  | 
| Use ability | 233 |  | 
                3027 total
 » units 
                
                | Peon | 13 |  | 
| Grunt | 15 |  | 
| Troll Batrider | 29 |  | 
                57 total
 » upgrades
                
                | Pillage | 1 |  | 
| Berserker Strength | 1 |  | 
| Liquid Fire | 1 |  | 
                3 total
 » buildings
                
                | Altar of Storms | 2 |  | 
| Orc Burrow | 4 |  | 
| Barracks | 1 |  | 
| Stronghold | 3 |  | 
| War Mill | 1 |  | 
| Watch Tower | 8 |  | 
| Beastiary | 3 |  | 
| Voodoo Lounge | 1 |  | 
| Fortress | 2 |  | 
                25 total
 » build order
                00:02 Altar of Storms
00:18 Orc Burrow
00:40 Barracks
02:17 Orc Burrow
03:43 Orc Burrow
06:52 Stronghold
06:53 Stronghold
07:02 War Mill
08:37 Watch Tower
08:38 Watch Tower
08:38 Watch Tower
08:40 Watch Tower
08:40 Watch Tower
09:23 Orc Burrow
10:38 Beastiary
10:39 Beastiary
10:50 Beastiary
10:57 Watch Tower
10:57 Watch Tower
11:01 Watch Tower
12:00 Voodoo Lounge
18:21 Fortress
18:21 Fortress
21:50 Altar of Storms
» items
                
                | Scroll of Regeneration | 2 |  | 
| Healing Salve | 3 |  | 
| Lesser Clarity Potion | 3 |  | 
| Scroll of Town Portal | 2 |  | 
| Mechanical Critter | 1 |  | 
| Scroll of Speed | 1 |  | 
                12 total
  
               
              
              
iggy_the_fisk (
red | 104 APM | 2723 actions | 26:11)
              
 5 Archmage 
 3 Summon Water Elemental
 2 Brilliance Aura
 4 Mountain King 
 2 Storm Bolt
 2 Bash
 
                » actions 
                
                | Assign group hotkey | 145 |  | 
| Basic commands | 37 |  | 
| Build / train | 95 |  | 
| Enter build submenu | 33 |  | 
| Enter hero's abilities submenu | 9 |  | 
| Remove unit from queue | 3 |  | 
| Right click | 1467 |  | 
| Select / deselect | 356 |  | 
| Select group hotkey | 436 |  | 
| Use ability | 141 |  | 
                2723 total
 » units 
                
                | Peasant | 28 |  | 
| Dragonhawk Rider | 5 |  | 
| Gryphon Rider | 4 |  | 
                37 total
 » upgrades
                
                | Masonry | 3 |  | 
| Lumber Harvesting | 2 |  | 
| Storm Hammers | 1 |  | 
| Animal War Training | 1 |  | 
| Swords | 3 |  | 
| Cloud | 1 |  | 
| Armor | 1 |  | 
                12 total
 » buildings
                
                | Altar of Kings | 1 |  | 
| Farm | 7 |  | 
| Lumber Mill | 3 |  | 
| Scout Tower | 15 |  | 
| Arcane Tower | 4 |  | 
| Guard Tower | 10 |  | 
| Arcane Vault | 1 |  | 
| Keep | 2 |  | 
| Castle | 1 |  | 
| Gryphon Aviary | 2 |  | 
| Barracks | 1 |  | 
| Blacksmith | 1 |  | 
| Town Hall | 1 |  | 
                49 total
 » build order
                00:06 Altar of Kings
00:18 Farm
01:33 Farm
02:01 Lumber Mill
02:28 Farm
02:31 Scout Tower
02:57 Arcane Tower
02:58 Arcane Tower
03:17 Scout Tower
03:51 Arcane Tower
03:57 Scout Tower
04:08 Scout Tower
04:34 Scout Tower
05:53 Guard Tower
05:53 Guard Tower
05:53 Guard Tower
05:54 Guard Tower
05:58 Scout Tower
06:40 Arcane Vault
07:00 Keep
07:00 Keep
08:00 Scout Tower
08:01 Scout Tower
08:42 Guard Tower
09:24 Guard Tower
09:27 Scout Tower
09:31 Castle
09:37 Gryphon Aviary
09:40 Barracks
10:09 Guard Tower
10:13 Farm
11:19 Blacksmith
12:50 Farm
12:51 Farm
14:03 Gryphon Aviary
17:21 Farm
18:18 Lumber Mill
19:05 Lumber Mill
22:44 Scout Tower
22:45 Scout Tower
22:46 Scout Tower
23:09 Scout Tower
23:10 Scout Tower
23:11 Guard Tower
23:12 Guard Tower
23:13 Scout Tower
23:30 Guard Tower
24:42 Town Hall
» items
                
                | Scroll of Regeneration | 4 |  | 
| Scroll of Town Portal | 2 |  | 
| Staff of Sanctuary | 1 |  | 
| Healing Salve | 2 |  | 
| Orb of Lightning | 1 |  | 
| Lesser Clarity Potion | 1 |  | 
| Potion of Healing | 1 |  | 
| Potion of Mana | 1 |  | 
| Scroll of Speed | 1 |  | 
                14 total
  
               
              
              
Mata. (
yellow | 101 APM | 2657 actions | 26:11)
              
 4 Archmage 
 2 Summon Water Elemental
 2 Brilliance Aura
 
                » actions 
                
                | Assign group hotkey | 270 |  | 
| Basic commands | 59 |  | 
| Build / train | 214 |  | 
| Enter build submenu | 103 |  | 
| Enter hero's abilities submenu | 4 |  | 
| Remove unit from queue | 4 |  | 
| Right click | 1050 |  | 
| Select / deselect | 565 |  | 
| Select group hotkey | 109 |  | 
| Use ability | 279 |  | 
                2657 total
 » units 
                
                | Peasant | 40 |  | 
| Dragonhawk Rider | 6 |  | 
                46 total
 » upgrades
                
                | Masonry | 3 |  | 
| Lumber Harvesting | 1 |  | 
| Cloud | 1 |  | 
                5 total
 » buildings
                
                | Altar of Kings | 1 |  | 
| Town Hall | 4 |  | 
| Farm | 3 |  | 
| Lumber Mill | 2 |  | 
| Scout Tower | 74 |  | 
| Arcane Tower | 16 |  | 
| Guard Tower | 120 |  | 
| Arcane Vault | 1 |  | 
| Keep | 3 |  | 
| Gryphon Aviary | 2 |  | 
| Castle | 3 |  | 
                229 total
 » build order
                00:38 Altar of Kings
01:14 Town Hall
02:00 Farm
02:07 Town Hall
03:19 Lumber Mill
03:43 Scout Tower
03:44 Scout Tower
03:45 Scout Tower
03:46 Scout Tower
04:03 Scout Tower
04:04 Scout Tower
04:14 Arcane Tower
04:15 Arcane Tower
04:15 Arcane Tower
04:18 Lumber Mill
04:29 Guard Tower
04:30 Guard Tower
04:30 Guard Tower
04:34 Guard Tower
04:34 Guard Tower
04:45 Guard Tower
04:45 Guard Tower
04:47 Scout Tower
04:48 Scout Tower
04:50 Scout Tower
05:06 Scout Tower
05:07 Scout Tower
05:07 Scout Tower
05:15 Scout Tower
05:16 Scout Tower
05:16 Scout Tower
05:19 Guard Tower
05:19 Guard Tower
05:24 Scout Tower
05:36 Guard Tower
05:37 Guard Tower
05:37 Guard Tower
05:44 Guard Tower
05:44 Guard Tower
05:48 Guard Tower
05:49 Guard Tower
05:49 Guard Tower
05:53 Scout Tower
05:54 Scout Tower
05:55 Scout Tower
05:55 Scout Tower
06:01 Scout Tower
06:42 Scout Tower
06:43 Guard Tower
06:46 Scout Tower
07:16 Arcane Vault
07:17 Guard Tower
07:18 Guard Tower
07:26 Guard Tower
07:27 Guard Tower
07:27 Guard Tower
08:07 Scout Tower
08:07 Scout Tower
08:09 Scout Tower
08:09 Scout Tower
08:28 Scout Tower
08:30 Scout Tower
08:31 Scout Tower
08:46 Scout Tower
08:48 Scout Tower
08:49 Guard Tower
08:50 Guard Tower
08:50 Guard Tower
08:52 Scout Tower
09:14 Keep
09:14 Keep
09:22 Guard Tower
09:22 Guard Tower
09:34 Guard Tower
09:34 Guard Tower
09:48 Scout Tower
10:03 Scout Tower
10:09 Guard Tower
10:10 Guard Tower
10:10 Guard Tower
10:23 Guard Tower
10:23 Guard Tower
10:28 Scout Tower
10:35 Scout Tower
10:37 Scout Tower
10:44 Guard Tower
11:05 Scout Tower
11:11 Guard Tower
11:11 Guard Tower
11:13 Scout Tower
11:14 Arcane Tower
11:15 Arcane Tower
11:20 Scout Tower
11:21 Scout Tower
11:36 Arcane Tower
11:36 Arcane Tower
11:55 Guard Tower
11:55 Guard Tower
11:55 Guard Tower
11:57 Arcane Tower
11:57 Arcane Tower
12:01 Gryphon Aviary
12:05 Arcane Tower
12:05 Arcane Tower
12:23 Scout Tower
12:26 Scout Tower
12:27 Scout Tower
12:42 Scout Tower
12:45 Farm
12:46 Farm
12:53 Guard Tower
12:54 Guard Tower
12:54 Guard Tower
12:54 Guard Tower
12:54 Guard Tower
12:57 Guard Tower
13:02 Scout Tower
13:21 Guard Tower
13:21 Guard Tower
13:38 Scout Tower
13:53 Scout Tower
14:11 Gryphon Aviary
14:18 Guard Tower
14:18 Guard Tower
14:18 Guard Tower
14:19 Guard Tower
14:19 Guard Tower
14:21 Scout Tower
14:23 Scout Tower
15:04 Guard Tower
15:04 Guard Tower
17:18 Castle
17:18 Castle
17:18 Castle
18:10 Scout Tower
18:11 Scout Tower
18:24 Scout Tower
18:24 Scout Tower
18:34 Scout Tower
18:44 Scout Tower
18:45 Scout Tower
18:46 Guard Tower
18:46 Guard Tower
18:46 Guard Tower
18:47 Scout Tower
19:17 Guard Tower
19:19 Guard Tower
19:19 Guard Tower
19:23 Scout Tower
19:30 Scout Tower
19:30 Scout Tower
19:37 Scout Tower
19:37 Scout Tower
19:38 Guard Tower
19:38 Guard Tower
19:56 Guard Tower
19:57 Scout Tower
19:58 Guard Tower
19:59 Guard Tower
20:09 Guard Tower
20:09 Guard Tower
20:16 Town Hall
20:19 Guard Tower
20:30 Guard Tower
20:40 Scout Tower
20:41 Scout Tower
21:04 Town Hall
21:06 Scout Tower
21:07 Scout Tower
21:09 Scout Tower
21:11 Guard Tower
21:11 Guard Tower
21:12 Scout Tower
21:14 Guard Tower
21:14 Guard Tower
21:18 Scout Tower
21:44 Guard Tower
21:44 Guard Tower
21:50 Guard Tower
21:50 Guard Tower
21:50 Guard Tower
22:04 Guard Tower
22:04 Guard Tower
22:04 Guard Tower
22:13 Scout Tower
22:15 Scout Tower
» items
                
                | Scroll of Regeneration | 2 |  | 
| Orb of Fire | 1 |  | 
                3 total
  
               
              
              
» 
TIMG4STRok (
pink | 133 APM | 3496 actions | 26:11)
              
 7 Dreadlord 
 3 Sleep
 3 Vampiric Aura
 1 Inferno
 
                » actions 
                
                | Assign group hotkey | 30 |  | 
| Basic commands | 91 |  | 
| Build / train | 69 |  | 
| ESC pressed | 2 |  | 
| Enter build submenu | 15 |  | 
| Enter hero's abilities submenu | 7 |  | 
| Give item / drop item | 2 |  | 
| Right click | 1787 |  | 
| Select / deselect | 237 |  | 
| Select group hotkey | 1165 |  | 
| Use ability | 91 |  | 
                3496 total
 » units 
                
                | Acolyte | 3 |  | 
| Ghoul | 17 |  | 
| Gargoyle | 14 |  | 
                34 total
 » upgrades
                
                | Creature Attack | 3 |  | 
| Stone Form | 1 |  | 
| Creature Carapace | 2 |  | 
                6 total
 » buildings
                
                | Crypt | 2 |  | 
| Altar of Darkness | 1 |  | 
| Ziggurat | 7 |  | 
| Tomb of Relics | 2 |  | 
| Halls of the Dead | 1 |  | 
| Graveyard | 1 |  | 
| Spirit Tower | 3 |  | 
| Sacrificial Pit | 1 |  | 
| Black Citadel | 2 |  | 
                20 total
 » build order
                00:07 Crypt
00:09 Altar of Darkness
00:25 Ziggurat
00:48 Tomb of Relics
01:02 Tomb of Relics
02:17 Ziggurat
06:48 Halls of the Dead
06:52 Graveyard
07:43 Ziggurat
07:45 Ziggurat
08:39 Spirit Tower
09:16 Sacrificial Pit
11:14 Ziggurat
11:15 Ziggurat
11:52 Crypt
11:58 Ziggurat
12:11 Spirit Tower
12:56 Black Citadel
12:56 Black Citadel
19:47 Spirit Tower
» items
                
                | Rod of Necromancy | 3 |  | 
| Sacrificial Skull | 1 |  | 
| Scroll of Town Portal | 2 |  | 
| Orb of Corruption | 1 |  | 
| Scroll of Healing | 5 |  | 
| Healing Salve | 1 |  | 
| Potion of Healing | 2 |  | 
                15 total
  
               team 2 (loser) 
              
              
Atlmexpapichulo (
orange | 57 APM | 1483 actions | 26:05)
              
 5 Paladin 
 3 Holy Light
 2 Divine Shield
 2 Blood Mage 
 1 Flame Strike
 1 Siphon Mana
 
                » actions 
                
                | Basic commands | 151 |  | 
| Build / train | 78 |  | 
| Enter build submenu | 39 |  | 
| Enter hero's abilities submenu | 7 |  | 
| Remove unit from queue | 1 |  | 
| Right click | 622 |  | 
| Select / deselect | 493 |  | 
| Use ability | 92 |  | 
                1483 total
 » units 
                
                | Peasant | 13 |  | 
| Footman | 9 |  | 
| Sorceress | 2 |  | 
| Priest | 1 |  | 
| Flying Machine | 10 |  | 
| Rifleman | 7 |  | 
| Mortar Team | 4 |  | 
                46 total
 » upgrades
                
                | Defend | 1 |  | 
| Lumber Harvesting | 1 |  | 
| Long Rifles | 1 |  | 
| Gunpowder | 1 |  | 
| Flare | 1 |  | 
                5 total
 » buildings
                
                | Altar of Kings | 1 |  | 
| Farm | 10 |  | 
| Lumber Mill | 1 |  | 
| Barracks | 4 |  | 
| Keep | 1 |  | 
| Scout Tower | 8 |  | 
| Guard Tower | 8 |  | 
| Arcane Sanctum | 1 |  | 
| Arcane Vault | 1 |  | 
| Blacksmith | 1 |  | 
| Workshop | 3 |  | 
| Town Hall | 1 |  | 
                40 total
 » build order
                00:21 Altar of Kings
00:36 Farm
01:10 Lumber Mill
01:21 Farm
01:57 Barracks
02:06 Farm
02:47 Farm
03:28 Farm
03:29 Keep
04:03 Barracks
04:16 Scout Tower
04:18 Scout Tower
04:23 Scout Tower
04:47 Guard Tower
04:51 Scout Tower
04:52 Guard Tower
04:59 Scout Tower
05:02 Scout Tower
05:30 Guard Tower
05:32 Guard Tower
05:40 Guard Tower
06:04 Scout Tower
06:06 Scout Tower
06:10 Arcane Sanctum
06:46 Guard Tower
06:47 Guard Tower
07:43 Farm
08:28 Guard Tower
09:21 Arcane Vault
11:15 Blacksmith
13:02 Workshop
13:09 Town Hall
13:15 Farm
14:02 Farm
15:16 Workshop
15:18 Workshop
20:13 Farm
22:26 Barracks
22:28 Barracks
22:30 Farm
» items
                
                | Scroll of Regeneration | 3 |  | 
| Lesser Clarity Potion | 2 |  | 
| Potion of Healing | 1 |  | 
| Scroll of Town Portal | 1 |  | 
                7 total
  
               
              
              
H2OvkL (
blue | 35 APM | 920 actions | 26:01)
              
 2 Demon Hunter 
 1 Mana Burn
 1 Evasion
 1 Death Knight 
 1 Unholy Aura
 2 Blood Mage 
 1 Flame Strike
 1 Siphon Mana
 
                » actions 
                
                | Assign group hotkey | 4 |  | 
| Basic commands | 3 |  | 
| Build / train | 20 |  | 
| ESC pressed | 7 |  | 
| Enter build submenu | 12 |  | 
| Enter hero's abilities submenu | 5 |  | 
| Right click | 442 |  | 
| Select / deselect | 347 |  | 
| Select group hotkey | 23 |  | 
| Use ability | 57 |  | 
                920 total
 » units 
                » buildings
                
                | Altar of Elders | 1 |  | 
| Moon Well | 3 |  | 
| Ancient of War | 3 |  | 
| Hunter's Hall | 1 |  | 
| Ancient Protector | 2 |  | 
                10 total
 » build order
                00:16 Altar of Elders
00:23 Moon Well
02:26 Ancient of War
02:33 Hunter's Hall
02:44 Moon Well
03:17 Ancient of War
03:24 Ancient of War
03:31 Moon Well
03:55 Ancient Protector
05:15 Ancient Protector
 
               
              
              
SoBR.Hypnotic (
purple | 118 APM | 3081 actions | 26:11)
              
 5 Archmage 
 3 Blizzard
 2 Brilliance Aura
 3 Blood Mage 
 2 Flame Strike
 1 Siphon Mana
 
                » actions 
                
                | Assign group hotkey | 37 |  | 
| Basic commands | 70 |  | 
| Build / train | 86 |  | 
| ESC pressed | 3 |  | 
| Enter build submenu | 21 |  | 
| Enter hero's abilities submenu | 9 |  | 
| Right click | 1430 |  | 
| Select / deselect | 404 |  | 
| Select group hotkey | 934 |  | 
| Use ability | 87 |  | 
                3081 total
 » units 
                
                | Peasant | 17 |  | 
| Footman | 4 |  | 
| Spell Breaker | 4 |  | 
| Mortar Team | 10 |  | 
| Priest | 5 |  | 
| Flying Machine | 18 |  | 
                58 total
 » upgrades
                
                | Gunpowder | 2 |  | 
| Flare | 1 |  | 
| Flak Cannons | 1 |  | 
                4 total
 » buildings
                
                | Altar of Kings | 1 |  | 
| Barracks | 1 |  | 
| Farm | 11 |  | 
| Keep | 1 |  | 
| Scout Tower | 1 |  | 
| Lumber Mill | 1 |  | 
| Arcane Tower | 2 |  | 
| Blacksmith | 1 |  | 
| Arcane Vault | 1 |  | 
| Arcane Sanctum | 2 |  | 
| Workshop | 2 |  | 
| Castle | 2 |  | 
                26 total
 » build order
                00:08 Altar of Kings
00:21 Barracks
00:35 Farm
00:50 Farm
02:56 Keep
03:06 Scout Tower
03:08 Farm
03:14 Lumber Mill
03:36 Arcane Tower
04:47 Blacksmith
04:57 Arcane Vault
05:23 Farm
06:18 Arcane Sanctum
06:19 Arcane Sanctum
07:59 Workshop
10:05 Farm
10:06 Farm
10:08 Farm
12:54 Farm
14:52 Farm
18:32 Workshop
19:53 Castle
19:53 Castle
22:27 Farm
23:06 Farm
» items
                 
               
              
              
ze7 (
teal | 46 APM | 1114 actions | 24:27)
              
 4 Death Knight 
 2 Death Coil
 2 Unholy Aura
 4 Lich 
 2 Frost Nova
 2 Frost Armor
 
                » actions 
                
                | Basic commands | 2 |  | 
| Build / train | 45 |  | 
| Enter build submenu | 18 |  | 
| Enter hero's abilities submenu | 8 |  | 
| Give item / drop item | 1 |  | 
| Right click | 693 |  | 
| Select / deselect | 269 |  | 
| Use ability | 78 |  | 
                1114 total
 » units 
                
                | Acolyte | 2 |  | 
| Ghoul | 7 |  | 
| Crypt Fiend | 3 |  | 
| Frost Wyrm | 10 |  | 
| Gargoyle | 4 |  | 
                26 total
 » upgrades
                
                | Creature Attack | 1 |  | 
| Freezing Breath | 1 |  | 
                2 total
 » buildings
                
                | Crypt | 1 |  | 
| Ziggurat | 9 |  | 
| Graveyard | 1 |  | 
| Altar of Darkness | 1 |  | 
| Tomb of Relics | 1 |  | 
| Nerubian Tower | 1 |  | 
| Halls of the Dead | 1 |  | 
| Black Citadel | 1 |  | 
| Sacrificial Pit | 1 |  | 
| Boneyard | 3 |  | 
                20 total
 » build order
                00:49 Crypt
00:52 Ziggurat
00:55 Graveyard
00:58 Altar of Darkness
01:19 Tomb of Relics
01:56 Nerubian Tower
02:02 Ziggurat
02:21 Halls of the Dead
03:30 Ziggurat
05:03 Black Citadel
05:37 Sacrificial Pit
05:46 Ziggurat
07:27 Boneyard
07:29 Boneyard
07:34 Boneyard
07:47 Ziggurat
08:35 Ziggurat
11:19 Ziggurat
11:22 Ziggurat
11:26 Ziggurat
» items
                
                | Rod of Necromancy | 1 |  | 
| Dust of Appearance | 1 |  | 
| Scroll of Town Portal | 1 |  | 
| Scroll of Regeneration | 1 |  | 
                4 total
  
                Chat log
          
(22:11 / All) iggy_the_fisk: gg nooblets
(22:41 / All) iggy_the_fisk: you can quit
(24:58 / All) iggy_the_fisk: QUIT
(25:55 / All) H2OvkL: gg
(26:01 / All) iggy_the_fisk: SHUIT UP NOOB
(26:01 / All) iggy_the_fisk: leave